General information
- name: BNet
- type: Ladder team game (AT/RT)
- host: Battle.net
- saver: rvg4hk
map: MarketSquare
- players: 8
- length: 02:43
- speed: Fast
- version: 1.28 W3XP
- replay type: Public
» download(18 KB)
Players
team 1 (loser)
Rando1 (
yellow | 42 APM | 109 actions | 02:34)
» actions
| Build / train | 18 | |
| Enter build submenu | 13 | |
| Right click | 25 | |
| Select / deselect | 41 | |
| Use ability | 12 | |
109 total
» units
» buildings
| Altar of Kings | 2 | |
| Farm | 6 | |
| Barracks | 3 | |
11 total
» build order
00:16 Altar of Kings
00:20 Farm
00:25 Altar of Kings
00:28 Farm
00:42 Barracks
01:08 Barracks
01:12 Farm
01:36 Farm
01:39 Barracks
01:58 Farm
02:24 Farm
Nerb (
purple | 42 APM | 110 actions | 02:37)
» actions
| Build / train | 8 | |
| Enter build submenu | 8 | |
| Right click | 65 | |
| Select / deselect | 23 | |
| Use ability | 6 | |
110 total
» units
» buildings
| Crypt | 1 | |
| Graveyard | 1 | |
| Ziggurat | 2 | |
| Altar of Darkness | 1 | |
| Tomb of Relics | 1 | |
6 total
» build order
00:09 Crypt
00:14 Graveyard
00:42 Ziggurat
00:58 Altar of Darkness
01:38 Ziggurat
02:07 Tomb of Relics
rvg4hk (
teal | 18 APM | 49 actions | 02:43)
» actions
| Basic commands | 3 | |
| Build / train | 7 | |
| Right click | 28 | |
| Select / deselect | 11 | |
49 total
» units
team 2 (winner)

»
MH4704 (
red | 27 APM | 73 actions | 02:43)
» actions
| Assign group hotkey | 2 | |
| Build / train | 13 | |
| Enter build submenu | 6 | |
| Remove unit from queue | 1 | |
| Right click | 19 | |
| Select / deselect | 27 | |
| Use ability | 5 | |
73 total
» units
» upgrades
» buildings
| Orc Burrow | 2 | |
| Barracks | 1 | |
| Altar of Storms | 1 | |
| War Mill | 1 | |
5 total
» build order
00:37 Orc Burrow
00:53 Barracks
01:08 Altar of Storms
01:22 War Mill
01:47 Orc Burrow

»
fkyouLoser (
green | 37 APM | 101 actions | 02:43)
1 Mountain King
1 Storm Bolt
» actions
| Build / train | 15 | |
| Enter build submenu | 7 | |
| Enter hero's abilities submenu | 1 | |
| Remove unit from queue | 1 | |
| Right click | 39 | |
| Select / deselect | 32 | |
| Use ability | 6 | |
101 total
» units
» buildings
| Farm | 3 | |
| Altar of Kings | 1 | |
| Barracks | 1 | |
| Lumber Mill | 1 | |
6 total
» build order
00:09 Farm
00:14 Altar of Kings
00:22 Barracks
00:49 Farm
01:36 Farm
01:48 Lumber Mill
Jin_iron_Fist (
pink | 44 APM | 119 actions | 02:43)
1 Dark Ranger
1 Black Arrow
» actions
| Assign group hotkey | 3 | |
| Basic commands | 11 | |
| Build / train | 14 | |
| Enter build submenu | 4 | |
| Enter hero's abilities submenu | 1 | |
| Right click | 43 | |
| Select / deselect | 21 | |
| Select group hotkey | 17 | |
| Use ability | 5 | |
119 total
» units
» buildings
| Moon Well | 2 | |
| Altar of Elders | 1 | |
| Ancient of War | 1 | |
4 total
» build order
00:23 Moon Well
00:35 Altar of Elders
00:56 Ancient of War
01:42 Moon Well
rival13 (
blue | 23 APM | 62 actions | 02:43)
» actions
| Build / train | 11 | |
| Enter build submenu | 6 | |
| Right click | 12 | |
| Select / deselect | 24 | |
| Use ability | 9 | |
62 total
» units
» buildings
| Altar of Elders | 1 | |
| Moon Well | 2 | |
| Ancient of War | 1 | |
| Hunter's Hall | 1 | |
5 total
» build order
00:34 Altar of Elders
00:45 Moon Well
01:06 Ancient of War
02:21 Hunter's Hall
02:29 Moon Well
Chat log
(00:11 / Allies) Rando1: rush
(00:22 / Allies) Nerb: K
(00:50 / Allies) Rando1: oh fuck you
(00:51 / Allies) Rando1: game
(01:28 / Allies) Rando1: he fucking is here too
(02:10 / Allies) Rando1: fuck you teal
(02:19 / Allies) Rando1: i hope your children all have life crippling diseases
(02:28 / Allies) Nerb: that escalated quicky;
(02:42 / All) rvg4hk: gg noob team